 Dungeon Crawl Stone Soup version 0.31-a0-1237-gabc64e778c (webtiles) character file.

Game seed: 5851213952531780713

4 gruber the Chiller (level 1, 0/13 HPs)
             Began as a Demonspawn Ice Elementalist on Dec 15, 2023.
             Slain by a ball python (2 damage)
             ... on level 2 of the Dungeon.
             The game lasted 00:00:14 (144 turns).

gruber the Chiller (Demonspawn Ice Elementalist)     Turns: 144, Time: 00:00:15

Health: 0/13       AC:  2    Str:  8    XL:     1   Next: 50%
Magic:  2/3        EV: 12    Int: 15    God:
Gold:   0          SH:  0    Dex: 13    Spells: 3/4 levels left

rFire   . . .        (no weapon)
rCold   . . .        (no shield)
rNeg    . . .        a - +0 robe
rPois   .            (no helmet)
rElec   .            (no cloak)
rCorr   .            (no gloves)
SInv    .            (no boots)
Will    .....        (no amulet)
Stlth   ++           (no ring)
HPRegen 0.22/turn    (no ring)
MPRegen 0.08/turn

%: no passive effects
@: no status effects
A: no striking features
a: no special abilities


You were on level 2 of the Dungeon.
You visited 1 branch of the dungeon, and saw 2 of its levels.

Inventory:

Armour
 a - a +0 robe (worn)
Potions
 b - a potion of magic
 c - a potion of resistance {unknown}


   Skills:
 - Level 1.7 Dodging
 - Level 1.7 Stealth
 - Level 2.0 Spellcasting
 + Level 3.8 Ice Magic


You had 3 spell levels left.
You knew the following spells:

 Your Spells              Type           Power      Damage    Failure   Level
a - Freeze                Ice            52%        1d6       4%          1

Your spell library contained the following spells:

 Spells                   Type           Power      Damage    Failure   Level
 Frozen Ramparts          Ice            26%        1d4       14%         3
 Ozocubu's Armour         Ice            13%        N/A       14%         3
 Summon Ice Beast         Ice/Summ       7%         N/A       69%         4


Dungeon Overview and Level Annotations

Branches:
Dungeon (2/15)

Altars:


Message History

The bat closely misses you.
A giant cockroach comes into view.
A jackal comes into view.
The kobold throws a stone.
The stone closely misses you.
A ball python comes into view.
Unknown command.
Unknown command.
The bat misses you. The bat hits you but does no damage.
The jackal barks!
The jackal misses you. The bat hits you but does no damage.
The jackal closely misses you.
You hit the bat but do no damage. The bat hits you but does no damage.
The jackal bites you but does no damage.
An endoplasm comes into view.
The bat hits you. The jackal attacks as it pursues you!
The jackal bites you but does no damage.
The ball python barely misses you. The ball python grabs you.
The ball python constricts you.
Your magical contamination has completely faded away.
You escape the ball python's grasp.
Found 13 gold pieces.
The kobold misses you.
The ball python attacks as it pursues you!
The ball python misses you. The ball python grabs you.
The ball python constricts you.
There is a stone staircase leading down here.
Unknown command.
Unknown command.
You escape the ball python's grasp.
The bat completely misses you. The kobold hits you but does no damage.
The jackal bites you.
You climb downwards.
Found a plate armour and an orange potion.
There is a stone staircase leading up here.
Unknown command.
Unknown command.
The bat hits you but does no damage. The jackal closely misses you.
The kobold hits you with a +1 short sword of holy wrath.
You convulse.
* * * LOW HITPOINT WARNING * * *
The ball python bites you.
You die...

..... ...!.
#...# #.#.#
######.#.#
......S#.#
#......hh######.
#......b@.......
#..[...SK....###
#....#.#..##....
###. #.##.# ###
# .. .# #.. .#
#.# .. .. ..


You could see 2 jackals, a bat, 2 ball pythons and a kobold.

Vanquished Creatures
  A goblin (D:1)
  2 hobgoblins (D:1)
3 creatures vanquished.

Notes
Turn   | Place    | Note
-------+----------+-------------------------------------------
     0 | D:1      | gruber the Demonspawn Ice Elementalist began the quest for
                  | the Orb.
     0 | D:1      | Reached XP level 1. HP: 13/13 MP: 3/3
   144 | D:2      | Slain by a ball python

Illustrated notes

Levels and vault maps discovered:
D:1:      ncdulo_halloftheorcs, layout_basic
D:2:      layout_rooms, minmay_pentomino_w2, uniq_robin

Action                     || total
---------------------------++-------
  Melee: Unarmed           ||     6
   Cast: Freeze            ||     5
 Armour: Robe              ||    12
  Dodge: Dodged            ||    16

Table legend: (Time is in decaauts)
 A = Elapsed time spent in this place.
 B = Non-inter-level travel time spent in this place.
 C = Inter-level travel time spent in this place.
 D = Time resting spent in this place.
 E = Time spent auto-exploring this place.
 F = Levels seen in this place.
 G = Mean time per level.
                   A        B        C        D        E       F      G
               +--------+--------+--------+--------+--------+-----+--------+
         Total |    143 |    143 |      0 |      0 |    106 |   2 |   71.5 |
       Dungeon |    143 |    143 |      0 |      0 |    106 |   2 |   71.5 |
               +--------+--------+--------+--------+--------+-----+--------+

Top non-repeatable levels by time:
     D:1: 143 daAuts
     D:2: 0 daAuts
